 Dungeon Crawl Stone Soup version 0.17-a0-2027-gcac42c4 (webtiles) character file.

19 Ijustatesigmund the Insei (level 2, 0/18 HPs)
             Began as an Octopode Transmuter on Oct 10, 2015.
             Slain by a rat (2 damage)
             ... on level 2 of the Dungeon.
             The game lasted 00:02:04 (438 turns).

Ijustatesigmund the Insei (Octopode Transmuter)      Turns: 438, Time: 00:02:04

Health: 0/18       AC:  1    Str:  9    XL:     2   Next: 75%
Magic:  5/5        EV: 12    Int: 15    God:
Gold:   24         SH:  0    Dex: 12    Spells: 1 memorised, 4 levels left

rFire  . . .     SeeInvis .     e - +0 dagger
rCold  . . .     Clarity  .     (no shield)
rNeg   . . .     SustAt   .     (helmet restricted)
rPois  .         Gourm    .     (no amulet)
rElec  .         Spirit   .     (no ring)
rCorr  .         Warding  .     (no ring)
rMut   .         Stasis   .     (no ring)
MR     .....                    (no ring)
Stlth  +++.......               (no ring)
                                (no ring)
                                (no ring)
                                (no ring)

@: not resistant to hostile enchantments, fairly stealthy
A: almost no armour, amphibious, 8 rings, constrict 8, camouflage 1, gelatinous
body 1
a: no special abilities


You were on level 2 of the Dungeon.
You were not hungry.

You visited 1 branch of the dungeon, and saw 2 of its levels.

You collected 24 gold pieces.

Inventory:

Hand Weapons
 e - a +0 dagger (weapon)
Missiles
 a - 12 arrows
Potions
 h - a potion of curing
 i - a potion of brilliance {unknown}
Books
 b - a book of Changes

   Spells                             Type                      Level
   a - Beastly Appendage              Transmutation                1
   b - Sticks to Snakes               Transmutation                2
   c - Spider Form                    Transmutation/Poison         3
   d - Ice Form                       Ice/Transmutation            4
   e - Blade Hands                    Transmutation                5
Comestibles
 c - a bread ration
 d - a meat ration
 f - 2 fruits


   Skills:
 - Level 1.0 Fighting
 + Level 0.0 Short Blades
 - Level 2.0 Dodging
 + Level 2.4 Stealth
 - Level 3.0 Unarmed Combat
 - Level 2.0 Spellcasting
 + Level 2.5 Transmutations


You had 4 spell levels left.
You knew the following spells:

 Your Spells              Type           Power        Failure   Level  Hunger
a - Beastly Appendage     Trmt           #.....       10%         1    #......


Dungeon Overview and Level Annotations

Branches:
Dungeon (2/15)

Altars:

Annotations:
D:2 Ijyb, Sigmund


Innate Abilities, Weirdness & Mutations

You cannot wear most types of armour.
You are amphibious.
You can wear up to eight rings at the same time.
You can use your tentacles to constrict eight enemies at once.
Your skin changes colour to match your surroundings (Stealth).
Your rubbery body absorbs attacks (AC +1).


Message History

Sigmund is heavily wounded.
The rat closely misses you. Sigmund barely misses you.
You closely miss Sigmund. Your grab misses Sigmund.
You squeeze Sigmund, but do no damage.
Sigmund is heavily wounded.
The rat barely misses you. Sigmund gestures at you while chanting.
The puff of flame hits you!
Ouch! That really hurt!
* * * LOW HITPOINT WARNING * * *
You hit Sigmund. You grab Sigmund.
Sigmund is severely wounded.
You constrict Sigmund. The rat closely misses you.
Sigmund hits you with a scythe.
* * * LOW HITPOINT WARNING * * *
You hit Sigmund.
Sigmund is severely wounded.
You constrict Sigmund, but do no damage.
The rat bites you.
You die...

###.#####.#
.........##
##.#....... ###.#
#.......## .....
#..#.....# .....#
#..<...#.# .....#
#......#.# .....#
#.#....#r#.# # #..#
#.#......@@#
####.###.##...#####.
...#..##............
...#.........#######
...'...†..........#
...#.........####.#
...#.........#
...#.........#
####.........#


You could see Sigmund and a rat.

Vanquished Creatures
  A gnoll (D:1)
  2 bats (D:2)
  A giant cockroach (D:2)
  A giant newt (D:2)
  A goblin (D:1)
  A kobold (D:1)
  6 rats
13 creatures vanquished.

Notes
Turn   | Place    | Note
--------------------------------------------------------------
     0 | D:1      | Ijustatesigmund the Octopode Transmuter began the quest for the Orb.
     0 | D:1      | Reached XP level 1. HP: 13/13 MP: 3/3
   134 | D:1      | Reached skill level 1 in Stealth
   134 | D:1      | Reached XP level 2. HP: 12/18 MP: 3/5
   369 | D:2      | Noticed Ijyb
   422 | D:2      | Noticed Sigmund
   438 | D:2      | Slain by a rat

Vault maps used:
D:1:      evilmike_arrival_run_for_it, minivault_24
D:2:      minmay_misc_feat_room, uniq_jessica, uniq_sigmund, uniq_terence,
          uniq_iyjb

Action                   || total
-------------------------++-------
Melee: Unarmed           ||    12
       Dagger            ||    16
 Cast: Beastly Appendage ||     1
  Use: Scroll            ||     2
 Stab: Sleeping          ||     5
